 Dungeon Crawl Stone Soup version 0.27-a0-1248-g57ac2eb73c (webtiles) character file.

Game seed: 12211165319080835946

4848 Ralef the Covert (level 10, -4/84 HPs)
             Began as a Ghoul Brigand on June 10, 2021.
             Was a Plaything of Xom.
             Slain by a boulder beetle (22 damage)
             ... on level 8 of the Dungeon.
             The game lasted 01:16:12 (8950 turns).

Ralef the Covert (Ghoul Brigand)                    Turns: 8950, Time: 01:16:12

Health: -4/84      AC: 14    Str: 24      XL:     10   Next: 49%
Magic:  9/9        EV: 14    Int:  9      God:    Xom [.*....]
Gold:   423        SH:  0    Dex: 14 (15) Spells: 7/9 levels left

rFire    . . .     SeeInvis .   P - +6 long sword of Upreoko {vorpal, *Corrode rC+ Int+3 Dex+4}
rCold    + + .     Faith    .   (no shield)
rNeg     + + +     Spirit   .   C - +0 steam dragon scales
rPois    ∞         Reflect  .   (no helmet)
rElec    .         Harm     .   G - +1 cloak
rCorr    .         Rampage  .   (no gloves)
Will     .....                  g - +2 pair of boots
Stlth    ++++......             (no amulet)
HPRegen  0.00/turn              f - +6 ring of strength
MPRegen  0.11/turn              Q - +4 ring of protection

@: no status effects
A: claws 1, cold resistance 1, negative energy resistance 3, inhibited
regeneration, torment resistance 2
a: Renounce Religion


You were on level 8 of the Dungeon.
You worshipped Xom.
You were a plaything of Xom.
You visited 1 branch of the dungeon, and saw 7 of its levels.

You collected 451 gold pieces.
You spent 28 gold pieces at shops.

Inventory:

Hand Weapons
 a - a +2 dagger of draining
 j - a +0 spear
 m - a +0 falchion
 y - a +0 longbow
 A - a +0 hunting sling
 D - a +5 great sword of freezing
 E - a +2 whip of flaming
 I - a +0 vorpal war axe
 J - a +1 mace of protection
 M - a +4 quarterstaff of chaos
 P - the +6 long sword of Upreoko (weapon) {vorpal, *Corrode rC+ Int+3 Dex+4}
   (You found it on level 7 of the Dungeon)

   It inflicts extra damage upon your enemies.
   It affects your intelligence (+3).
   It affects your dexterity (+4).
   It protects you from cold.
   It may corrode you when you take damage.
 S - a +2 dagger of chaos
Missiles
 i - 25 poisoned darts (quivered)
 l - 231 stones
 o - 74 bolts
 t - 106 arrows
 v - 3 boomerangs of dispersal
 B - a throwing net
 H - 3 silver javelins
Armour
 b - a +0 robe
 c - a +1 cloak
 d - a +0 plate armour
 e - a +0 pair of boots
 g - a +2 pair of boots (worn)
 n - a +0 leather armour
 q - a +2 robe of cold resistance
 C - +0 steam dragon scales (worn)
 F - a +0 robe of fire resistance
 G - a +1 cloak (worn)
Magical Staves
 r - a staff of poison
 x - a staff of earth
 O - a staff of conjuration
Jewellery
 f - a +6 ring of strength (left claw)
 h - a ring of wizardry
 z - a ring of flight
 Q - a +4 ring of protection (right claw)
Wands
 K - a wand of acid (8)
Scrolls
 k - 2 scrolls of noise
 L - a scroll of amnesia
 N - a scroll of silence {unknown}
Potions
 p - a potion of ambrosia
 s - 2 potions of curing {unknown}
 w - a potion of brilliance {unknown}
 R - a potion of degeneration {unknown}


   Skills:
 + Level 6.6 Fighting
 + Level 7.6(8.3) Short Blades
 + Level 5.0(7.0) Long Blades
 + Level 3.1 Throwing
 + Level 5.8 Dodging
 + Level 9.5 Stealth


You had 7 spell levels left.
You knew the following spells:

 Your Spells              Type           Power      Damage    Failure   Level
a - Searing Ray           Conj           0%         3d3       52%         2

Your spell library contained the following spells:

 Spells                   Type           Power      Damage    Failure   Level
 Corona                   Hex            0%         N/A       38%         1
 Foxfire                  Conj/Fire      0%         2x1d4     38%         1
 Magic Dart               Conj           0%         1d3       38%         1
 Ensorcelled Hibernation  Hex/Ice        0%         N/A       52%         2
 Poisonous Vapours        Pois/Air       0%         N/A       52%         2
 Confusing Touch          Hex            0%         N/A       77%         3
 Conjure Flame            Conj/Fire      0%         6-21      77%         3
 Dazzling Flash           Conj/Hex       0%         N/A       77%         3
 Inner Flame              Hex/Fire       0%         N/A       77%         3
 Mephitic Cloud           Conj/Pois/Air  0%         N/A       77%         3
 Tukima's Dance           Hex            0%         N/A       77%         3
 Fulminant Prism          Conj/Hex       0%         3d6       99%         4
 Iskenderun's Mystic Bla  Conj/Tloc      0%         2d3       99%         4
 Sticky Flame             Conj/Fire      0%         2d3       99%         4
 Fireball                 Conj/Fire      0%         3d3       100%        5
 Freezing Cloud           Conj/Ice/Air   0%         6-21      100%        6


Dungeon Overview and Level Annotations

Branches:
Dungeon (8/15)             Temple (0/1) D:6
   Lair: D:8-11

Altars:
Dithmenos
Gozag
Hepliaklqana
Kikubaaqudgha
Xom
Yredelemnul

Shops:
D:2 [(=   D:4 :   D:6 *

Annotations:
D:8 2 transporters, 2 runed translucent doors, Grum; philipeq's ghost, novice DsFi


Innate Abilities, Weirdness & Mutations

You thrive by killing the living.
You are immune to poison.
You have sharp fingernails.
Your flesh is cold resistant. (rC+)
You are immune to negative energy. (rN+++)
You do not regenerate when monsters are visible.
You are immune to unholy pain and torment.


Message History

The centaur zombie kicks you but does no damage.
You slash the centaur zombie!
The centaur zombie is almost destroyed.
The centaur zombie completely misses you.
The centaur zombie kicks you but does no damage.
You hit the centaur zombie.
You destroy the centaur zombie!
You start resting. "Let's see if it's strong enough to survive yet."
As you read the scroll of teleportation, it crumbles to dust.
You feel strangely unstable. The quasit barely misses you.
You riposte.
You hit the quasit but do no damage.
The quasit claws you but does no damage.
The quasit closely misses you. The quasit completely misses you.
You riposte.
You miss the quasit. The quasit barely misses you. x2
The quasit bites you but does no damage.
The quasit claws you but does no damage.
The quasit closely misses you. The iron imp barely misses you.
The quasit closely misses you. The quasit claws you.
You feel clumsy.
The quasit barely misses you. x2; The quasit misses you.
The quasit barely misses you.
Your surroundings suddenly seem different.
Xom thinks this is hilarious!
Grum closely misses you.
The wolf howls!
The steam dragon hisses angrily.
You hit the boulder beetle.
The boulder beetle is lightly wounded.
Grum zaps a wand.
You slash Grum!
Grum is heavily wounded.
The wolf bites you!
* * * LOW HITPOINT WARNING * * *
You emit a cloud of colourful smoke!
The steam dragon breathes steam at you. The ball of steam hits you. You resist.
* * * LOW HITPOINT WARNING * * *
The boulder beetle bites you!!
You die...
Xom bursts into laughter!

###########........#
#.....##...# #........#
#)....##.... #........#
#.....##.... #########........#
#......#.... .................#
#....#.###.#
.................###.......##.#
..............§..##......#.##.#
.............§§B.##...........#
..............@g.##...#......<#
.............§Dh.##...#.###..##
...............h........# ##.##
.............#####........#
#..# .............# #........#
##.# .............# #........#
#.# .......### ###......#####..
.......# #.........##..
........ #.........##.#


You could see a boulder beetle, Grum, a steam dragon (catching breath) and 2
wolves.

Vanquished Creatures
  Pikel (D:5)
  A cyclops (D:8)
  Psyche (D:8)
  A wyvern (D:8)
  6 steam dragons
  A water moccasin (D:5)
  An acid dragon (D:8)
  Duvessa (D:5)
  A hornet zombie (D:6)
  2 black bears
  A sky beast (D:7)
  3 necrophages
  3 ogres
  3 centaurs
  A kobold brigand (D:7)
  A bullfrog (D:6)
  3 scorpions
  A water moccasin skeleton (D:4)
  Dowan (D:5)
  2 wights (D:5)
  4 centaur zombies
  A bullfrog zombie (D:5)
  A human zombie (D:5)
  2 jellies (D:4)
  2 orc priests
  2 bullfrog skeletons
  5 hounds
  Terence (D:2)
  Jessica (D:2)
  2 orc wizards
  Crazy Yiuf (D:7)
  5 iguanas
  A scorpion zombie (D:5)
  A hound skeleton (D:5)
  A hound zombie (D:5)
  A mummy (D:5)
  5 adders
  4 gnolls (D:4)
  A white imp (D:5)
  An ufetubus (D:7)
  2 adder zombies (D:5)
  An adder skeleton (D:5)
  A worm (D:4)
  A dart slug (D:1)
  20 orcs
  4 ball pythons
  A bat (D:1)
  6 endoplasms
  A giant cockroach (D:4)
  5 goblins
  4 hobgoblins
  8 jackals
  A quokka (D:4)
  4 frilled lizards
  8 kobolds
  A rat (D:1)
145 creatures vanquished.

Vanquished Creatures (collateral kills)
  A hound (D:7)
1 creature vanquished.

Grand Total: 146 creatures vanquished

Notes
Turn   | Place    | Note
-------+----------+-------------------------------------------
     0 | D:1      | Ralef the Ghoul Brigand began the quest for the Orb.
     0 | D:1      | Reached XP level 1. HP: 17/17 MP: 0/0
   443 | D:1      | Reached XP level 2. HP: 16/24 MP: 1/1
   492 | D:1      | Reached skill level 1 in Dodging
   722 | D:1      | Reached skill level 5 in Stealth
   871 | D:1      | Reached XP level 3. HP: 29/29 MP: 2/2
   988 | D:1      | Found a faded altar of an unknown god.
  1012 | D:1      | Became a worshipper of Xom the Begetter of Turbulence
  1106 | D:2      | Found Vuetots's Armour Boutique.
  1114 | D:2      | Bought a +0 leather armour for 28 gold pieces
  1118 | D:2      | XOM: silly message
  1157 | D:2      | Noticed Jessica
  1158 | D:2      | Killed Jessica
  1215 | D:2      | Found an ancient bone altar of Kikubaaqudgha.
  1217 | D:2      | Noticed Terence
  1225 | D:2      | Killed Terence
  1226 | D:2      | Reached XP level 4. HP: 37/37 MP: 3/3
  1239 | D:2      | Learned a level 2 spell: Searing Ray
  1356 | D:2      | Found Nounopri's Jewellery Shop.
  1385 | D:2      | XOM: silly message
  1430 | D:2      | Found Siophos's Antique Weapon Shop.
  1463 | D:2      | XOM: silly message
  1645 | D:2      | You fall into a shaft and drop 2 floors!
  1793 | D:4      | Reached XP level 5. HP: 42/42 MP: 4/4
  1943 | D:4      | XOM: potion effect (heal wounds)
  1963 | D:4      | XOM: divination: magic mapping
  2276 | D:4      | Reached XP level 6. HP: 4/50 MP: 5/5
  2572 | D:4      | XOM: potion effect (haste)
  2677 | D:4      | XOM: silly message
  2704 | D:4      | Reached skill level 6 in Stealth
  2704 | D:4      | Reached XP level 7. HP: 40/57 MP: 6/6
  2893 | D:4      | Found an opulent altar of Gozag.
  3191 | D:4      | Found Iduips's Book Shoppe.
  3432 | D:5      | Entered Level 5 of the Dungeon
  3458 | D:5      | Noticed a steam dragon
  3462 | D:5      | Killed a steam dragon
  3700 | D:5      | Reached skill level 5 in Short Blades
  3964 | D:5      | Reached XP level 8. HP: 66/66 MP: 7/7
  3992 | D:5      | XOM: swap monsters
  4009 | D:5      | Reached skill level 7 in Stealth
  4280 | D:5      | Found a basalt altar of Yredelemnul.
  4386 | D:5      | Noticed Pikel
  4391 | D:5      | XOM: enchant monster (bad)
  4392 | D:5      | XOM: chaos cloud
  4407 | D:5      | Killed Pikel
  4408 | D:5      | Reached skill level 8 in Stealth
  4408 | D:5      | Reached XP level 9. HP: 67/72 MP: 8/8
  4653 | D:5      | Found a hazy altar of Hepliaklqana.
  4779 | D:5      | Noticed Duvessa
  4805 | D:5      | Noticed Dowan
  4822 | D:5      | Killed Dowan
  4836 | D:5      | HP: 1/73 [Duvessa/+0 short sword (5)]
  4846 | D:5      | XOM: potion effect (heal wounds)
  4871 | D:5      | Killed Duvessa
  5122 | D:6      | Found a staircase to the Ecumenical Temple.
  5124 | D:6      | Found Igixeyt's Lightly-Used Armoury.
  5159 | D:6      | Reached skill level 5 in Fighting
  5169 | D:6      | XOM: summons friendly quasit
  5195 | D:6      | XOM: butterfly on damage
  5201 | D:6      | XOM: blink monster(s)
  5206 | D:6      | XOM: potion effect (curing)
  5458 | D:6      | XOM: 2-stop teleportation journey
  5605 | D:6      | XOM: cloud trail
  5726 | D:6      | XOM: potion effect (might)
  5729 | D:6      | Reached skill level 9 in Stealth
  5893 | D:6      | Reached skill level 5 in Dodging
  6190 | D:6      | XOM: divination: detect creatures
  6784 | D:7      | XOM: noise
  6786 | D:7      | XOM: summons friendly shadow imp
  6793 | D:7      | Reached skill level 1 in Long Blades
  6835 | D:7      | Found a runed translucent door.
  6836 | D:7      | Noticed Crazy Yiuf
  6842 | D:7      | Killed Crazy Yiuf
  6892 | D:7      | XOM: enchant monster (good)
  6931 | D:7      | Reached XP level 10. HP: 75/83 MP: 9/9
  6944 | D:7      | XOM: cast spell 'Summon Ice Beast'
  6950 | D:7      | XOM: noise
  6976 | D:7      | Identified the +6 long sword of Upreoko {vorpal, *Corrode
                  | rC+ Int+3 Dex+4}
  7258 | D:7      | XOM: summons 4 hostile demons
  7280 | D:7      | XOM: summons 2 hostile shadow creatures
  7491 | D:7      | Found a shadowy altar of Dithmenos.
  7661 | D:8      | Found a transporter.
  7661 | D:8      | Noticed philipeq's ghost (novice DsFi)
  7705 | D:8      | Found a transporter.
  7759 | D:8      | Noticed Psyche
  7760 | D:8      | XOM: noise
  7764 | D:8      | Killed Psyche
  7806 | D:8      | XOM: enchant monster (bad)
  7935 | D:8      | Noticed Grum
  7940 | D:8      | XOM: confusion (+ monsters)
  7948 | D:8      | XOM: silly message
  8132 | D:8      | XOM: summons 2 hostile shadow creatures
  8321 | D:8      | XOM: silly message
  8350 | D:8      | XOM: 2-stop teleportation journey
  8354 | D:8      | XOM: swap monsters
  8355 | D:8      | Noticed a cyclops
  8372 | D:8      | Killed a cyclops
  8391 | D:8      | Found a large runed translucent door.
  8391 | D:8      | Found a large runed translucent door.
  8411 | D:8      | XOM: silly message
  8525 | D:8      | Noticed a boulder beetle
  8528 | D:8      | Found a large runed translucent door.
  8528 | D:8      | Found a large runed translucent door.
  8535 | D:8      | Reached skill level 5 in Long Blades
  8546 | D:8      | XOM: summons 3 hostile shadow creatures
  8547 | D:8      | XOM: fog
  8674 | D:8      | XOM: god gift: 3 silver javelins
  8893 | D:8      | XOM: cast spell 'Summon Ice Beast'
  8942 | D:8      | XOM: summons 6 hostile demons
  8950 | D:8      | XOM: smoke on damage
  8950 | D:8      | Slain by a boulder beetle

Illustrated notes

Levels and vault maps discovered:
D:1:      minmay_arrival_jagged, layout_rooms, basic_ecumenical_altar
D:2:      layout_loops_corners, serial_forest, infiniplex_forest_straight_5,
          infiniplex_forest_clump_diagonal, infiniplex_forest_straight_2,
          infiniplex_forest_clump_long, basic_altar, serial_shops,
          nicolae_shop_competitors_out_of_business, shop, nicolae_shop_trees,
          nicolae_shop_statue_plus, uniq_jessica, uniq_terence
D:4:      minmay_chambers_of_threes, layout_loops_ring, grunt_gozag_breadcrumbs,
          serial_shops, kennysheep_little_box, minmay_misc_feat_columns,
          minmay_door_square, hangedman_minor_gate_pass
D:5:      kennysheep_spiral_hall, layout_basic, nicolae_overflow_crystal_walls,
          lemuel_mausoleum_altar_yredelemnul, uniq_duvessa, uniq_pikel
D:6:      layout_layer_cave, minmay_temple_entry_purple_smoke,
          minmay_shop_damaged
D:7:      layout_basic, lemuel_doored_altar, uniq_crazy_yiuf_cottage
D:8:      layout_basic, gammafunk_ghost_arena, minmay_hollow_rounded_squares,
          uniq_grum, uniq_psyche

Skill      XL: |  1  2  3  4  5  6  7  8  9 10 |
---------------+-------------------------------+-----
Dodging        | 1 2 3 4 5 |  5.8
Throwing       | 2 3 |  3.1
Stealth        | 5 6 8 9 |  9.5
Short Blades   | 2 3 4 5 6 7 |  7.6
Fighting       | 3 4 5 6 |  6.6
Long Blades    | 2 5 |  5.0

Action                   |  1- 3 |  4- 6 |  7- 9 | 10-12 || total
-------------------------+-------+-------+-------+-------++-------
Melee: Dagger            |    45 |   200 |   292 |       ||   537
       Great sword       |       |       |    45 |     6 ||    51
       Long sword        |       |       |       |   107 ||   107
Throw: Dart              |    42 |       |       |       ||    42
       Stone             |     8 |       |       |       ||     8
  Use: Scroll            |     2 |       |    11 |     7 ||    20
       Potion            |     1 |       |     4 |     1 ||     6
 Stab: Sleeping          |     4 |     6 |    21 |     6 ||    37
       Distracted        |       |     1 |     2 |       ||     3
       Confused          |       |       |     1 |       ||     1
       Invisible         |       |       |     1 |       ||     1
Armor: Robe              |    27 |    45 |    54 |       ||   126
       Steam dragon scal |       |       |    31 |    72 ||   103
Dodge: Dodged            |    39 |   102 |   158 |   166 ||   465
       Rpst.: Great sword |       |       |     7 |     2 ||     9
       Long sword        |       |       |       |    34 ||    34

Table legend: (Time is in decaauts)
 A = Elapsed time spent in this place.
 B = Non-inter-level travel time spent in this place.
 C = Inter-level travel time spent in this place.
 D = Time resting spent in this place.
 E = Time spent auto-exploring this place.
 F = Levels seen in this place.
 G = Mean time per level.
                   A        B        C        D        E       F      G
               +--------+--------+--------+--------+--------+-----+--------+
         Total |   8797 |   8756 |     41 |   2853 |   1262 |   7 | 1256.7 |
       Dungeon |   8797 |   8756 |     41 |   2853 |   1262 |   7 | 1256.7 |
               +--------+--------+--------+--------+--------+-----+--------+

Top non-repeatable levels by time:
     D:4: 1737 daAuts
     D:6: 1625 daAuts
     D:5: 1616 daAuts
     D:8: 1299 daAuts
     D:1: 1088 daAuts
     D:7: 886 daAuts
     D:2: 543 daAuts
